 Dungeon Crawl Stone Soup version 0.32-a0-350-g4f4d228785 (webtiles) character file.

Game seed: 15455470163715763562

14269 Sobieck the Cleaver (level 11, -31/99 HPs)
             Began as a Mountain Dwarf Fighter on Feb 16, 2024.
             Was an Elder of Beogh.
             Annihilated by an orc knight
             ... wielding a +2 heavy dire flail
              (45 damage)
             ... on level 2 of the Orcish Mines on Feb 17, 2024.
             The game lasted 00:21:01 (9013 turns).

Sobieck the Cleaver (Mountain Dwarf Fighter)        Turns: 9013, Time: 00:21:01

Health: -31/99     AC: 19    Str: 32    XL:     11   Next: 86%
Magic:  19/19      EV:  9    Int:  9    God:    Beogh [****..]
Gold:   1179       SH:  6    Dex:  8    Spells: 10/10 levels left

rFire   . . .        a - +3 broad axe
rCold   . . .        w - +2 buckler
rNeg    . . .        o - +0 plate armour
rPois   +            (no helmet)
rElec   .            e - +2 cloak {Will+}
rCorr   .            (no gloves)
SInv    .            n - +1 pair of boots
Will    ++...        i - amulet of the acrobat Stlth
                     h - +6 ring of strength
HPRegen 1.16/turn    (no ring)
MPRegen 0.16/turn

%: acrobat
@: studying Armour
A: runic magic, artefact enchanting, high MP 1, poison resistance, regeneration
1, strong 1
a: Renounce Religion, Smiting, Recall Apostles, Dismiss Wardok, warrior


You were on level 2 of the Orcish Mines.
You worshipped Beogh.
Beogh was greatly pleased with you.
You visited 2 branches of the dungeon, and saw 13 of its levels.
You also visited: Bailey.

You collected 1179 gold pieces.

Inventory:

Hand Weapons
 a - a +3 broad axe (weapon)
 d - a +1 hand axe of electrocution
 f - a +0 war axe
Missiles
 j - 88 stones (quivered)
 k - 6 poisoned darts
 t - 3 boomerangs
 F - 4 curare-tipped darts
 J - 5 atropa-tipped darts
Armour
 b - a +0 scale mail
 c - a +0 buckler
 e - a +2 cloak of willpower (worn)
 n - a +1 pair of boots (worn)
 o - a +0 plate armour (worn)
 w - a +2 buckler (worn)
 z - an orb of energy
Magical Staves
 g - a staff of conjuration
Jewellery
 h - a +6 ring of strength (left hand)
 i - an amulet of the acrobat (around neck)
 s - a ring of fire
 A - an amulet of reflection
Wands
 u - a wand of quicksilver (5)
 I - a wand of iceblast (5)
Scrolls
 l - 5 scrolls of revelation
 q - 2 scrolls of fear
 r - 4 scrolls of fog
 v - 2 scrolls of immolation
 x - 2 scrolls of blinking
 y - a scroll of vulnerability
 T - 5 scrolls of teleportation
Potions
 m - 2 potions of mutation
 p - a potion of berserk rage
 B - 2 potions of magic
 C - a potion of brilliance {unknown}
 D - 3 potions of attraction
 E - 2 potions of lignification
 H - a potion of haste
 Q - 3 potions of curing


   Skills:
 + Level 9.9 Fighting
 - Level 14.0 Axes
 - Level 9.0 Armour
 - Level 5.0 Dodging
 - Level 5.0 Shields
 + Level 9.4 Invocations
 - Level 5.0 Evocations


You had 10 spell levels left.
You didn't know any spells.
Your spell library contained the following spells:

 Spells                   Type           Power      Damage    Failure   Level
 Apportation              Tloc           0%         N/A       58%         1
 Magic Dart               Conj           0%         1d3       58%         1
 Necrotise                Necr           0%         1d4       58%         1
 Sting                    Conj/Alch      0%         1d3       58%         1
 Summon Small Mammal      Summ           0%         N/A       58%         1
 Blink                    Tloc           0%         N/A       75%         2
 Call Imp                 Summ           0%         N/A       75%         2
 Dazzling Flash           Conj/Hex       0%         N/A       92%         3
 Gell's Gravitas          Tloc           0%         N/A       92%         3
 Mephitic Cloud           Conj/Alch/Air  0%         N/A       92%         3
 Teleport Other           Tloc           0%         N/A       92%         3
 Curse of Agony           Necr           0%         N/A       100%        5
 Silence                  Hex/Air        0%         N/A       100%        5
 Dispersal                Tloc           0%         N/A       100%        6


Dungeon Overview and Level Annotations

Branches:
Dungeon (11/15)            Temple (0/1) D:6            Lair (0/5) D:9
    Orc (2/2) D:11            Elf (0/3) Orc:2        Bailey (visited)

Altars:
Cheibriados
Dithmenos
Trog
Wu Jian
Beogh

Shops:
D:8 =   Orc:2 (:

Annotations:
D:5 shatter vault


Innate Abilities, Weirdness & Mutations

Your facial features look somewhat orcish.
Your spellcasting is much less encumbered by armour.
You can use scrolls of enchantment on lesser artefacts.
You have an increased reservoir of magic. (+10% MP)
Your system is resistant to poisons. (rPois)
Your natural rate of healing is unusually fast.
Your muscles are strong. (Str +4, Int/Dex -1)


Message History

The bolt of fire hits you!
* * * LOW HITPOINT WARNING * * *
You are too injured to fight recklessly!
You are too injured to fight recklessly!
You are too injured to fight recklessly!
You are too injured to fight recklessly!
Unknown command.
Unknown command.
You slash the orc warlord!
The orc warlord is lightly wounded.
You hit the orc sorcerer.
The orc sorcerer hits you with a +0 dagger.
* * * LOW HITPOINT WARNING * * *
The orc knight hits you from afar with a +0 glaive!
* * * LOW HITPOINT WARNING * * *
You hit the orc warlord but do no damage.
The orc warlord is lightly wounded.
You miss the orc sorcerer.
The orc warlord unwields a +0 arbalest.
The orc warlord wields a +0 long sword of electrocution.
You hear the crackle of electricity.
The orc warlord hits you but does no damage.
The orc sorcerer barely misses you. You block the orc knight's attack.
Unknown command.
You slash the orc warlord!
The orc warlord is moderately wounded.
You closely miss the orc sorcerer.
You hit the orc knight but do no damage.
The orc knight hits you with a +2 heavy dire flail!!
* * * LOW HITPOINT WARNING * * *
The orc sorcerer casts a spell.
The orc warlord hits you with a +0 long sword of electrocution!
* * * LOW HITPOINT WARNING * * *
Unknown command.
You hit the orc warlord but do no damage.
The orc warlord is moderately wounded.
You slash the orc sorcerer! You hit the orc knight.
The orc knight hits you but does no damage.
The orc sorcerer hits you but does no damage.
Unknown command.
You barely miss the orc knight.
The orc knight is lightly wounded.
You slash the orc sorcerer!
You kill the orc sorcerer!
Beogh accepts your kill.
The orange demon disappears in a puff of smoke!
You slash the orc warlord! The orc warlord completely misses you.
The orc knight barely misses you.
The orc knight hits you with a +2 heavy dire flail!!!
You die...
Beogh appreciates the orc knight's killing of a heretic priest.

.......## ########.....##
......#.## #.............#
###......# #.#####...#...##
.....##.## #.#...#....##..###
.........# ###.#._)#.....##...###
...)....####.#§#..)'......#......
......)).#.....#####..........###
....).)).....#o).............## #
.....#.#)#.....o@..........######
.........###.#.o..........## ##..
.....#....#####...#.#......# #...
############ ####.........# ##..
........).). ##..#...#.## #..
.ß..ß..ß...o #...##.#...# ###.
o..3....o... ##.######.####...
oo3$.o4).).. ### ### #....
...†o..o.).. ########.##


You could see an orc warlord (strong, target of vengeance) and 2 orc knights.

Vanquished Creatures
  2 vault guards (Bailey)
  A two-headed ogre (Orc:2)
  Sonja (Orc:2)
  An orc sorcerer (Orc:2)
  2 kobold blastminers (Orc:2)
  3 trolls
  Grinder (D:3)
  Prince Ribbit (Bailey)
  A shadow (D:9)
  Sigmund (D:3)
  A wyvern (D:11)
  10 yaks
  2 humans (Bailey)
  Edmund (D:6)
  A steam dragon (D:7)
  A water moccasin (D:6)
  2 ice beasts
  7 orc warriors
  A black bear (D:5)
  2 sky beasts
  3 ogres
  6 centaurs
  A phantom (D:5)
  A kobold brigand (D:7)
  Blork the orc (D:6)
  12 bullfrogs
  A gnoll sergeant (D:7)
  3 scorpions
  3 wights (D:9)
  2 howler monkeys
  A bombardier beetle (D:5)
  4 hounds
  2 jellies
  Crazy Yiuf (D:3)
  An orc priest (D:11)
  A gnoll bouda (D:7)
  6 iguanas
  A sleepcap (D:7)
  Terence (D:2)
  12 orc wizards
  5 gnolls
  7 adders
  A shadow imp (D:7)
  3 white imps
  A ribbon worm (D:2)
  19 orcs
  2 ball pythons
  6 endoplasms
  2 giant cockroaches
  12 goblins
  12 hobgoblins
  9 jackals
  2 quokkas
  6 bats
  2 frilled lizards
  5 kobolds
  6 rats
205 creatures vanquished.

Vanquished Creatures (collateral kills)
  A two-headed ogre (D:11)
  An orc knight (Orc:2)
  2 kobold blastminers (Orc:2)
  2 trolls (D:11)
  3 shadows (D:11)
  5 orc warriors (Orc:2)
  A centaur (D:9)
  An ogre (Orc:2)
  2 wights (D:9)
  5 orc wizards
  3 orcs
26 creatures vanquished.

Vanquished Creatures (others)
  2 orc apostles
  3 orc warriors
  An orc priest (Orc:2)
  An orc wizard (Orc:2)
  18 orcs
25 creatures vanquished.

Grand Total: 256 creatures vanquished

Notes
Turn   | Place    | Note
-------+----------+-------------------------------------------
     0 | D:1      | Sobieck the Mountain Dwarf Fighter began the quest for the
                  | Orb.
     0 | D:1      | Reached XP level 1. HP: 19/19 MP: 1/1
     4 | D:1      | You fall into a shaft and drop 1 floor!
   106 | D:1      | Reached XP level 2. HP: 26/26 MP: 2/2
   158 | D:1      | Reached skill level 3 in Axes
   258 | D:1      | Reached XP level 3. HP: 28/31 MP: 3/3
  1088 | D:2      | Noticed Terence
  1108 | D:2      | Killed Terence
  1109 | D:2      | Reached skill level 4 in Axes
  1109 | D:2      | Reached XP level 4. HP: 5/40 MP: 4/4
  1524 | D:2      | Became a worshipper of Beogh the Shepherd
  1691 | D:3      | Noticed Sigmund
  1721 | D:3      | Gained mutation: Your natural rate of healing is unusually
                  | fast. [potion of mutation]
  1721 | D:3      | Gained mutation: You have an increased reservoir of magic.
                  | (+10% MP) [potion of mutation]
  1721 | D:3      | Gained mutation: Your muscles are strong. (Str +4, Int/Dex
                  | -1) [potion of mutation]
  1721 | D:3      | Gained mutation: Your system is resistant to poisons.
                  | (rPois) [potion of mutation]
  1726 | D:3      | Killed Sigmund
  1727 | D:3      | Reached skill level 5 in Axes
  1727 | D:3      | Reached XP level 5. HP: 13/47 MP: 5/5
  1790 | D:3      | Found a faded altar of an unknown god.
  1795 | D:3      | Reached XP level 6. HP: 53/53 MP: 6/6
  1874 | D:3      | Noticed Grinder
  1923 | D:3      | Paralysed by Grinder for 4 turns
  1932 | D:3      | Killed Grinder
  1933 | D:3      | Reached skill level 6 in Axes
  1986 | D:3      | Reached XP level 7. HP: 56/60 MP: 7/7
  1990 | D:3      | Reached * piety under Beogh
  2270 | D:3      | Found a runed translucent door.
  2271 | D:3      | Noticed Crazy Yiuf
  2279 | D:3      | Killed Crazy Yiuf
  2494 | D:4      | Found an ornate altar of the Wu Jian Council.
  2712 | D:4      | Reached skill level 7 in Axes
  2713 | D:4      | Found a shadowy altar of Dithmenos.
  3004 | D:5      | Entered Level 5 of the Dungeon
  3066 | D:5      | Reached XP level 8. HP: 41/70 MP: 8/8
  3073 | D:5      | Reached skill level 8 in Axes
  3242 | D:5      | Reached skill level 6 in Fighting
  3248 | D:5      | Reached skill level 6 in Armour
  3257 | D:5      | Reached ** piety under Beogh
  3523 | D:6      | Reached skill level 9 in Axes
  3657 | D:6      | Noticed Blork the orc
  3661 | D:6      | Killed Blork the orc
  3667 | D:6      | Reached skill level 10 in Axes
  3684 | D:6      | Noticed Edmund
  3697 | D:6      | Killed Edmund
  3865 | D:6      | Found a staircase to the Ecumenical Temple.
  4113 | D:7      | Found a snail-covered altar of Cheibriados.
  4127 | D:7      | Reached skill level 11 in Axes
  4154 | D:7      | Reached XP level 9. HP: 75/75 MP: 9/9
  4329 | D:7      | Reached skill level 12 in Axes
  4545 | D:7      | Noticed a troll
  4557 | D:7      | Killed a troll
  4558 | D:7      | Reached skill level 13 in Axes
  5237 | D:8      | Found a flagged portal.
  5251 | Bailey   | Entered a bailey
  5289 | Bailey   | Reached skill level 14 in Axes
  5294 | Bailey   | Reached skill level 1 in Invocations
  5297 | Bailey   | Reached skill level 1 in Evocations
  5302 | Bailey   | Reached *** piety under Beogh
  5303 | Bailey   | Reached skill level 1 in Dodging
  5305 | Bailey   | Reached XP level 10. HP: 64/84 MP: 10/12
  5367 | Bailey   | Noticed a vault guard
  5367 | Bailey   | Noticed Prince Ribbit
  5381 | Bailey   | Killed Prince Ribbit
  5385 | Bailey   | Killed a vault guard
  5386 | Bailey   | Reached skill level 3 in Invocations
  5492 | Bailey   | Noticed a vault guard
  5503 | Bailey   | Reached skill level 3 in Evocations
  5503 | Bailey   | Killed a vault guard
  5571 | D:8      | Identified the +7 ring mail "Ximianua" {Str+2}
  5604 | D:8      | Anointed Agrik the priest as your apostle
  5682 | D:8      | Found a bloodstained altar of Trog.
  5989 | D:8      | Found Lury's Jewellery Emporium.
  6517 | D:9      | Reached skill level 9 in Armour
  6517 | D:9      | Reached skill level 3 in Dodging
  6718 | D:9      | Found a staircase to the Lair.
  6886 | D:10     | Entered Level 10 of the Dungeon
  6947 | D:10     | Reached XP level 11. HP: 56/94 MP: 16/16
  6969 | D:10     | Identified the +5 dire flail of Action {elec, rF+ rC+
                  | Str+2}
  6969 | D:10     | Noticed Wardok
  6989 | D:10     | HP: 2/94 [Wardok the orc apostle/the +5 dire flail of
                  | Action {elec, rF+ rC+ Str+2} (9)]
  7005 | D:10     | Your ally Agrik died
  7018 | D:10     | Anointed Wardok the warrior as your apostle
  7607 | D:11     | Reached skill level 6 in Invocations
  7609 | D:11     | Found a staircase to the Orcish Mines.
  7754 | D:11     | Reached **** piety under Beogh
  7813 | D:11     | Noticed a two-headed ogre
  7822 | D:11     | Killed a two-headed ogre
  8215 | Orc:1    | Entered Level 1 of the Orcish Mines
  8313 | Orc:2    | Entered Level 2 of the Orcish Mines
  8350 | Orc:2    | Reached skill level 9 in Fighting
  8433 | Orc:2    | Noticed an orc knight
  8450 | Orc:2    | Killed an orc knight
  8474 | Orc:2    | Noticed a two-headed ogre
  8477 | Orc:2    | Found a roughly hewn altar of Beogh.
  8482 | Orc:2    | Killed a two-headed ogre
  8527 | Orc:2    | Upgraded the game from 0.32-a0-329-ge6c31236d6 to
                  | 0.32-a0-350-g4f4d228785
  8527 | Orc:2    | Found Xudafee's Book Shoppe.
  8591 | Orc:2    | Noticed Sonja
  8595 | Orc:2    | Found a staircase to the Elven Halls.
  8605 | Orc:2    | Killed Sonja
  8606 | Orc:2    | Reached skill level 9 in Invocations
  8679 | Orc:2    | Found Neagaa's Weapon Emporium.
  8777 | Orc:2    | Found a roughly hewn altar of Beogh.
  8961 | Orc:2    | Noticed an orc knight
  8961 | Orc:2    | Noticed an orc knight
  8961 | Orc:2    | Noticed an orc knight
  8962 | Orc:2    | Noticed an orc sorcerer
  8962 | Orc:2    | Noticed an orc warlord
  8962 | Orc:2    | Noticed an orc sorcerer
  8964 | Orc:2    | Noticed an orc high priest
  8970 | Orc:2    | Your ally Wardok died
  9013 | Orc:2    | Killed an orc sorcerer
  9013 | Orc:2    | Annihilated by an orc knight

Illustrated notes

Levels and vault maps discovered:
D:1:      dpeg_arrival_short_road, layout_rooms
D:2:      layout_basic, uniq_terence
D:3:      layout_basic, hellmonk_ecumenical_altar_dog_temple, minmay_between,
          uniq_sigmund, uniq_crazy_yiuf_cottage, uniq_grinder
D:4:      kennysheep_spiral_hall, layout_rooms, mainiacjoe_overflow_catwalk,
          marbit_many_paths, dreamdust_princess_bridge
D:5:      layout_cave_pools, due_unseen_surprise
D:6:      layout_loops_ring, minmay_temple_entry_sparse_star, uniq_edmund,
          uniq_blork_the_orc
D:7:      layout_basic, cheibriados_altar_1, minmay_manual_mullet
D:8:      layout_layer_cave, amcnicky_altar_gilded, enter_bailey_3,
          serial_shops, nicolae_shop_advertising_works
          [nicolae_subvault_shop_adworks], onia_ninara_dug_in_and_dangerous
D:9:      layout_cave_pools, lair_entry_dummy
D:10:     layout_basic
D:11:     layout_basic, david_orc_2
Orc:1:    layout_diamond_mine
Orc:2:    grunt_orc_community_town_hall, layout_caves,
          grunt_orc_community_big_house_2, grunt_orc_community_big_house_1,
          grunt_orc_community_house_1, grunt_orc_community_house_1,
          grunt_orc_community_house_2, grunt_orc_community_house_1,
          grunt_orc_community_house_2, serial_shops, shop,
          lightli_church_of_beogh, uniq_sonja, uniq_nessos

Skill      XL: |  1  2  3  4  5  6  7  8  9 10 11 |
---------------+----------------------------------+-----
Axes           | 3 4 5 6 7 11 14 | 14.0
Shields        | 4 5 |  5.0
Fighting       | 4 5 6 7 9 |  9.9
Armour         | 4 5 6 9 |  9.0
Invocations    | 2 5 9 |  9.4
Evocations     | 1 4 5 |  5.0
Dodging        | 1 3 5 |  5.0

Action                     |  1- 3 |  4- 6 |  7- 9 | 10-12 || total
---------------------------+-------+-------+-------+-------++-------
  Melee: War axe           |   128 |       |     4 |       ||   132
         Hand axe          |       |    79 |   334 |    39 ||   452
         Broad axe         |       |       |       |   223 ||   223
 Invoke: Convert to Beogh  |       |     1 |       |       ||     1
         Recruit Apostle   |       |       |       |     2 ||     2
         Recall Apostles   |       |       |       |     2 ||     2
         Smiting           |       |       |       |     1 ||     1
         Dismiss Apostle   |       |       |       |     1 ||     1
  Evoke: Wand              |       |       |       |     4 ||     4
    Use: Potion            |     1 |     3 |     1 |     9 ||    14
         Scroll            |       |       |    12 |     6 ||    18
 Armour: Scale mail        |   107 |    50 |   207 |    21 ||   385
         Plate armour      |       |       |       |   163 ||   163
  Dodge: Dodged            |    55 |    36 |   161 |   146 ||   398
  Block: Buckler           |    38 |    17 |    45 |    46 ||   146

Table legend: (Time is in decaauts)
 A = Elapsed time spent in this place.
 B = Non-inter-level travel time spent in this place.
 C = Inter-level travel time spent in this place.
 D = Time resting spent in this place.
 E = Time spent auto-exploring this place.
 F = Levels seen in this place.
 G = Mean time per level.
                   A        B        C        D        E       F      G
               +--------+--------+--------+--------+--------+-----+--------+
         Total |   9000 |   8644 |    356 |    372 |   6379 |  14 |  642.9 |
       Dungeon |   7941 |   7603 |    338 |    243 |   5893 |  11 |  721.9 |
  Orcish Mines |    791 |    773 |     18 |    104 |    425 |   2 |  395.5 |
        Bailey |    267 |    267 |      0 |     25 |     61 |   1 |  267.0 |
               +--------+--------+--------+--------+--------+-----+--------+

Top non-repeatable levels by time:
     D:7: 1132 daAuts
     D:2: 1035 daAuts
     D:8: 946 daAuts
     D:3: 824 daAuts
   Orc:2: 693 daAuts
    D:10: 688 daAuts
     D:4: 668 daAuts
    D:11: 633 daAuts
     D:1: 557 daAuts
     D:6: 554 daAuts
     D:9: 451 daAuts
     D:5: 449 daAuts
  Bailey: 267 daAuts
   Orc:1: 97 daAuts
